 Dungeon Crawl Stone Soup version 0.20.0-8-g6b59dc7 (webtiles) character file.

774 Ijustatesigmund the Cleaver (level 7, 0/64 HPs)
             Began as a Hill Orc Fighter on May 30, 2017.
             Killed by divine providence
             ... invoked by an orc priest
              (17 damage)
             ... on level 5 of the Dungeon.
             The game lasted 00:10:18 (3327 turns).

Ijustatesigmund the Cleaver (Hill Orc Fighter)      Turns: 3327, Time: 00:10:20

Health: 0/64       AC: 14    Str: 19    XL:     7   Next: 84%
Magic:  7/7        EV:  7    Int:  9    God:
Gold:   200        SH:  9    Dex: 11    Spells: 6/6 levels left

rFire    . . .     SeeInvis .   a - +1 war axe
rCold    . . .     Gourm    .   c - +0 shield
rNeg     + . .     Faith    .   b - +4 scale mail
rPois    .         Spirit   .   u - +0 helmet
rElec    .         Reflect  .   (no cloak)
rCorr    .         Harm     .   k - +1 pair of gloves
MR       +....                  (no boots)
Stlth    ..........             j - amulet of magic regeneration
Regen    0.2/turn               o - ring of protection from magic
MPRegen  0.2/turn               w - ring of positive energy

@: no status effects
A: no striking features
a: Convert to Beogh


You were on level 5 of the Dungeon.
You were not hungry.

You visited 1 branch of the dungeon, and saw 5 of its levels.

You collected 200 gold pieces.

Inventory:

Hand Weapons
 a - a +1 war axe (weapon)
Missiles
 q - 11 tomahawks (quivered)
Armour
 b - a +4 scale mail (worn)
 c - a +0 shield (worn)
 k - a +1 pair of gloves (worn)
 u - a +0 helmet (worn)
Jewellery
 j - an amulet of magic regeneration (around neck)
 o - a ring of protection from magic (left hand)
 w - a ring of positive energy (right hand)
Scrolls
 e - 2 scrolls of blinking
 n - 2 scrolls of remove curse
 t - 2 scrolls of teleportation
Potions
 d - a potion of might
 i - a potion of brilliance
 l - a potion of haste
 m - a potion of magic
 p - a potion of cancellation
 r - 2 potions of lignification {unknown}
 x - a potion of flight {unknown}
 z - a potion of curing
Comestibles
 f - 3 bread rations
 g - a meat ration
 h - a royal jelly
 s - 6 fruits
 v - 2 chunks of flesh


   Skills:
 + Level 6.8 Fighting
 * Level 9.4 Axes
 - Level 3.2 Armour
 - Level 3.2 Shields


You had 6 spell levels left.
You didn't know any spells.

Dungeon Overview and Level Annotations

Branches:
Dungeon (5/15)             Temple (0/1) D:4

Altars:

Annotations:
D:5 1 runed door


Message History

The orc priest is almost dead.
The orc priest shouts, "Beogh is our master!
Accept the truth or die!"
You hit the orc wizard. You closely miss the orc wizard.
You closely miss the orc priest. You block the orc wizard's attack.
The orc priest calls down the wrath of Beogh upon you.
Beogh smites you!
* * * LOW HITPOINT WARNING * * *
The orc priest mumbles some strange prayers to Beogh against you.
Pain shoots through your body!
* * * LOW HITPOINT WARNING * * *
You block the orc wizard's attack. The orc wizard hits you with a dagger.
* * * LOW HITPOINT WARNING * * *
The orc priest shouts, "Join the one true god or die!"
It was a potion of curing.
You feel better. You block the orc wizard's attack. You block the orc's attack.
The orc priest mumbles some strange prayers to Beogh against you.
You resist with some effort.
The orc priest calls down the wrath of Beogh upon you.
Beogh smites you!
You die...

##.......##..
#.......##..
#######.......#
#......########
###+###......#§..##
.............#§#.##
.....?.(.....#§#.##
......ooo....#§#.##
....W.o@.....#§#.##
###.###o.....#§#.##
########§#.##
#.#.## #§#.##
#§#.## §#§## #§##


You could see a wraith, 2 orc priests, 2 orc wizards and an orc.

Vanquished Creatures
  Eustachio (D:5)
  An ogre (D:4)
  2 scorpions (D:4)
  2 howler monkeys (D:4)
  A crimson imp (D:5)
  2 hounds
  Jessica (D:2)
  Terence (D:2)
  3 orc wizards
  3 adders
  An adder skeleton (D:4)
  5 worms
  4 dart slugs
  4 leopard geckos
  7 orcs
  6 giant cockroaches
  18 goblins
  6 hobgoblins
  2 jackals (D:1)
  4 kobolds
  A ball python (D:4)
  5 bats
  2 frilled lizards
  A leopard gecko skeleton (D:4)
  11 rats
94 creatures vanquished.

Notes
Turn   | Place    | Note
-------+----------+-------------------------------------------
     0 | D:1      | Ijustatesigmund the Hill Orc Fighter began the quest for the Orb.
     0 | D:1      | Reached XP level 1. HP: 19/19 MP: 1/1
    39 | D:1      | Reached skill level 3 in Axes
    69 | D:1      | Reached XP level 2. HP: 27/27 MP: 2/2
   928 | D:1      | Reached XP level 3. HP: 33/33 MP: 3/3
  1037 | D:2      | Reached skill level 4 in Axes
  1214 | D:2      | Noticed Jessica
  1219 | D:2      | Killed Jessica
  1219 | D:2      | Reached XP level 4. HP: 33/41 MP: 4/4
  1420 | D:2      | Reached skill level 5 in Axes
  1693 | D:3      | Noticed Terence
  1713 | D:2      | Killed Terence
  1713 | D:2      | Reached skill level 5 in Fighting
  1713 | D:2      | Reached XP level 5. HP: 38/48 MP: 5/5
  2077 | D:3      | Reached skill level 6 in Axes
  2437 | D:4      | Reached XP level 6. HP: 27/56 MP: 6/6
  2650 | D:4      | Reached skill level 7 in Axes
  2918 | D:4      | Reached skill level 8 in Axes
  2918 | D:4      | Reached XP level 7. HP: 62/63 MP: 7/7
  3101 | D:4      | Found a staircase to the Ecumenical Temple.
  3232 | D:5      | Entered Level 5 of the Dungeon
  3251 | D:5      | Noticed Eustachio
  3292 | D:5      | Killed Eustachio
  3292 | D:5      | Reached skill level 9 in Axes
  3304 | D:5      | Found a runed door.
  3326 | D:5      | Noticed a wraith
  3327 | D:5      | Killed from afar by an orc priest

Skill      XL: |  1  2  3  4  5  6  7 |
---------------+----------------------+-----
Axes           | 3 4 5 6 8 9 |  9.4
Fighting       | 4 5 6 |  6.8
Armour         | |  3.2
Shields        | |  3.2

Action                   |  1- 3 |  4- 6 |  7- 9 || total
-------------------------+-------+-------+-------++-------
Melee: War axe           |    81 |   180 |    62 ||   323
  Use: Scroll            |     3 |     9 |     1 ||    13
       Potion            |       |       |     1 ||     1
  Eat: Chunk             |     1 |     6 |     1 ||     8
Armor: Scale mail        |    49 |    73 |    60 ||   182
Dodge: Dodged            |    27 |    43 |    37 ||   107
Block: Shield            |    39 |    79 |    58 ||   176
